 Dungeon Crawl Stone Soup version 0.25-a0-1130-g3926558f3a (webtiles) character file.

Game seed: 9722898819988762490, levelgen mode: deterministic

18 vurker the Charlatan (level 2, 0/22 HPs)
             Began as a Human Artificer on May 19, 2020.
             Succumbed to a worker ant's poison
             ... on level 2 of the Dungeon.
             The game lasted 00:00:49 (704 turns).

vurker the Charlatan (Human Artificer)               Turns: 704, Time: 00:00:49

Health: 0/22       AC:  3    Str: 12    XL:     2   Next: 90%
Magic:  4/4        EV: 12    Int: 11    God:
Gold:   34         SH:  0    Dex: 13    Spells: 1/1 levels left

rFire    . . .     SeeInvis .   a - +0 short sword
rCold    + . .     Gourm    .   (no shield)
rNeg     . . .     Faith    .   b - +0 leather armour
rPois    .         Spirit   .   (no helmet)
rElec    .         Reflect  .   (no cloak)
rCorr    .         Harm     .   (no gloves)
MR       .....                  (no boots)
Stlth    +.........             (no amulet)
HPRegen  0.07/turn              i - ring of protection from cold
MPRegen  0.09/turn              (no ring)

@: lethally poisoned (0 -> -6)
A: no striking features
a: no special abilities


You were on level 2 of the Dungeon.
You were not hungry.

You visited 1 branch of the dungeon, and saw 2 of its levels.

You collected 34 gold pieces.

Inventory:

Hand Weapons
 a - a +0 short sword (weapon)
Armour
 b - a +0 leather armour (worn)
Jewellery
 i - a ring of protection from cold (left hand)
   (You found it on level 1 of the Dungeon)
Wands
 d - a wand of enslavement (15)
 f - a wand of random effects (12)
 t - a wand of flame (15)
Scrolls
 h - 3 scrolls of identify {unknown}
 j - a scroll of remove curse {unknown}
Potions
 c - a potion of resistance {unknown}
Comestibles
 e - a ration


   Skills:
 + Level 1.6 Fighting
 - Level 1.0 Short Blades
 + Level 1.1 Armour
 - Level 2.0 Dodging
 - Level 1.0 Stealth
 + Level 3.3 Evocations


You had one spell level left.
You didn't know any spells.
Your spell library was empty.

Dungeon Overview and Level Annotations

Branches:
Dungeon (2/15)

Altars:


Message History

No target in view!
No target in view!
No target in view!
No target in view!
Things that are here:
a +0 club; 5 stones; a kobold corpse
Found 6 gold pieces.
All of the chunks of flesh in your inventory have rotted away.
You now have 34 gold pieces (gained 6).
Done exploring.
Done exploring.
There is an open door here.
There is a stone staircase leading down here.
You climb downwards.
There is a stone staircase leading up here.
There is a stone staircase leading up here.
A worker ant comes into view.
A worker ant is nearby!
The worker ant twitches its antennae in your direction.
You barely miss the worker ant.
The worker ant bites you but does no damage.
The worker ant barely misses you.
You hit the worker ant. The worker ant bites you.
You barely miss the worker ant.
The worker ant waves its antennae.
The worker ant barely misses you.
You barely miss the worker ant.
The worker ant bites you but does no damage.
The worker ant bites you.
You hit the worker ant but do no damage.
The worker ant barely misses you.
You hit the worker ant but do no damage.
The worker ant bites you.
You completely miss the worker ant. The worker ant barely misses you.
You barely miss the worker ant. The worker ant barely misses you. x2
You hit the worker ant. The worker ant barely misses you.
You hit the worker ant. The worker ant bites you!
* * * LOW HITPOINT WARNING * * *
Aim: a worker ant (severely wounded)
The worker ant looks slightly unstable.
The worker ant bites you.
* * * LOW HITPOINT WARNING * * *
You are lethally poisoned!
The worker ant poisons you!
Aim: a worker ant (severely wounded)
The worker ant seems to slow down.
* * * LOW HITPOINT WARNING * * *
You feel sick. The worker ant barely misses you.
Aim: a worker ant (severely wounded, slow)
The worker ant seems more stable.
You die...

###############
........<.....#
........#####.#
.######## #.#
#@# #a# ..#
####


You could see a worker ant (slow).

Vanquished Creatures
  2 leopard geckos (D:1)
  A giant cockroach (D:1)
  3 goblins (D:1)
  2 hobgoblins (D:1)
  2 kobolds (D:1)
  3 bats (D:1)
  A frilled lizard (D:1)
14 creatures vanquished.

Notes
Turn   | Place    | Note
-------+----------+-------------------------------------------
     0 | D:1      | vurker the Human Artificer began the quest for the Orb.
     0 | D:1      | Reached XP level 1. HP: 15/15 MP: 3/3
   197 | D:1      | Reached XP level 2. HP: 21/21 MP: 4/4
   321 | D:1      | Reached skill level 1 in Armour
   703 | D:2      | HP: 1/22 [poisoned by a worker ant]
   704 | D:2      | Succumbed to a worker ant's poison

Illustrated notes

Levels and vault maps discovered:
D:1:      minmay_arrival_stair_chambers, layout_rooms, minmay_misc_feat_chi,
          kennysheep_small_spiral
D:2:      layout_basic, first_ration, corexii_hall_statues_i, uniq_terence

Skill      XL: |  1  2 |
---------------+-------+-----
Armour         | 1 |  1.1
Fighting       | |  1.6
Short Blades   | |  1.0
Dodging        | |  2.0
Stealth        | |  1.0
Evocations     | |  3.3

Action                   || total
-------------------------++-------
Melee: Short sword       ||    66
Evoke: Wand              ||     3
 Stab: Sleeping          ||     1
Armor: Leather armour    ||    21
Dodge: Dodged            ||    60

Table legend:
 A = Non-vault XP
 B = Vault XP
 C = Vault XP percentage of total XP
 D = Non-vault monster count
 E = Vault monster count
 F = Vault count percentage of total count
                 A         B        C        D         E       F
            +---------+---------+-------+---------+---------+-------
      Total |      27 |       0 |   0.0 |      14 |       0 |   0.0
            +---------+---------+-------+---------+---------+-------
        D:1 |      27 |       0 |   0.0 |      14 |       0 |   0.0
            +---------+---------+-------+---------+---------+-------
